 Dungeon Crawl Stone Soup version 0.24.0-1-gfbc8707 (webtiles) character file.

Game seed: 7753462531506742054, levelgen mode: deterministic

121 Fang the Skirmisher (level 5, -1/49 HPs)
             Began as a Gargoyle Berserker on Oct 25, 2019.
             Was a Believer of Trog.
             Slain by a gnoll (4 damage)
             ... on level 3 of the Dungeon.
             The game lasted 00:03:24 (2370 turns).

Fang the Skirmisher (Gargoyle Berserker)            Turns: 2370, Time: 00:03:24

Health: -1/49      AC:  6    Str: 27    XL:     5   Next: 5%
Magic:  5/5        EV: 12    Int:  7    God:    Trog [**....]
Gold:   60         SH:  0    Dex:  9    Spells: 4/4 levels left

rFire    . . .     SeeInvis .   a - +0 hand axe
rCold    . . .     Gourm    .   (no shield)
rNeg     + . .     Faith    .   b - +0 animal skin
rPois    ∞         Spirit   .   (no helmet)
rElec    +         Reflect  .   (no cloak)
rCorr    .         Harm     .   (no gloves)
MR       .....                  (no boots)
Stlth    ..........             (no amulet)
HPRegen  0.16/turn              (no ring)
MPRegen  0.09/turn              (no ring)

@: berserking, very quick
A: negative energy resistance 1, electricity resistance, unbreathing,
petrification resistance, rot immunity, AC +4
a: Berserk, Trog's Hand, Renounce Religion


You were on level 3 of the Dungeon.
You worshipped Trog.
Trog was pleased with you.
You were hungry.

You visited 1 branch of the dungeon, and saw 3 of its levels.

You collected 60 gold pieces.

Inventory:

Hand Weapons
 a - a +0 hand axe (weapon)
Armour
 b - a +0 animal skin (worn)
Jewellery
 e - an uncursed amulet of the acrobat {unknown}
Scrolls
 d - a scroll of teleportation {unknown}
 f - 3 scrolls of enchant weapon {unknown}
 h - a scroll of immolation {unknown}
 i - 2 scrolls of magic mapping {unknown}
 j - a scroll of enchant armour {unknown}
 k - 2 scrolls of noise {unknown}
 o - 2 scrolls of remove curse {unknown}
Potions
 g - a potion of ambrosia {unknown}
 l - a potion of heal wounds {unknown}
 m - a potion of curing {unknown}
 n - a potion of agility {unknown}
Comestibles
 c - 5 rations
 p - 3 chunks of flesh


   Skills:
 + Level 4.2 Fighting
 + Level 3.3 Axes
 + Level 3.2 Armour
 + Level 2.5 Dodging


You had 4 spell levels left.
You didn't know any spells.
Your spell library was empty.

Dungeon Overview and Level Annotations

Branches:
Dungeon (3/15)

Altars:
The Shining One


Innate Abilities, Weirdness & Mutations

You are resistant to torment.
Your stone body is resilient. (AC +4)
You are immune to poison.
You resist negative energy. (rN+)
You are resistant to electric shocks. (rElec)
You can survive without breathing.
You are immune to petrification.
You are immune to rotting.


Message History

* * * LOW HITPOINT WARNING * * *
You are too injured to fight recklessly!
You are too injured to fight recklessly!
You are too injured to fight recklessly!
You are too injured to fight recklessly!
You are too injured to fight recklessly!
You are too injured to fight recklessly!
You are too injured to fight recklessly!
A red film seems to cover your vision as you go berserk!
You feel yourself moving faster!
You feel mighty!
You are feeling hungry.
The gnoll hits you from afar with a +0 spear!
* * * LOW HITPOINT WARNING * * *
The gnoll hits you but does no damage. x2
You slice the gnoll!!
You kill the gnoll!
Trog accepts your kill.
You have reached level 5!
You barely miss the gnoll. The gnoll misses you. The gnoll hits you.
You die...

. .. ... #### ....
##### ...
.....###...##.######
......)...$.@)gg....
#.####....##g######
#.# #....# .# #.#
#....# .# #.# #....#
.# #.####....# .#
#.....(..## ..
#..###.#.# .#
######...##.#.#


You could see 3 gnolls.

Vanquished Creatures
  A gnoll (D:3)
  5 adders
  A worm (D:2)
  2 dart slugs
  A leopard gecko (D:1)
  A ball python (D:2)
  5 giant cockroaches
  7 goblins
  7 hobgoblins
  6 jackals
  4 bats
  2 frilled lizards
  6 kobolds
  10 rats
58 creatures vanquished.

Notes
Turn   | Place    | Note
-------+----------+-------------------------------------------
     0 | D:1      | Fang the Gargoyle Berserker began the quest for the Orb.
     0 | D:1      | Reached XP level 1. HP: 14/14 MP: 1/1
   158 | D:1      | Reached XP level 2. HP: 10/19 MP: 2/2
   575 | D:1      | Found a glowing golden altar of the Shining One.
   675 | D:1      | Reached XP level 3. HP: 23/23 MP: 3/3
   764 | D:1      | Reached ** piety under Trog
  1047 | D:2      | Found a glowing golden altar of the Shining One.
  1349 | D:2      | Reached XP level 4. HP: 20/29 MP: 4/4
  1764 | D:2      | Reached skill level 4 in Fighting
  1938 | D:2      | Found a faded altar of an unknown god.
  2339 | D:3      | Upgraded the game from 0.24-b1-48-gd9db55c to
                  | 0.24.0-1-gfbc8707
  2370 | D:3      | Reached XP level 5. HP: 3/33 MP: 5/5
  2370 | D:3      | Slain by a gnoll

Levels and vault maps discovered:
D:1:      evilmike_arrival_crescent, layout_basic, tso_metal_star
D:2:      layout_loops_corners, nicolae_overflow_crystal_walls,
          chequers_ecumenical_altar_lobes, due_unseen_surprise
D:3:      layout_basic, first_ration, uniq_jessica

Skill      XL: |  1  2  3  4 |
---------------+-------------+-----
Dodging        | 2 |  2.5
Axes           | 3 |  3.3
Armour         | 3 |  3.2
Fighting       | 4 |  4.2

Action                   |  1- 3 |  4- 6 || total
-------------------------+-------+-------++-------
Melee: Hand axe          |   110 |    82 ||   192
Invok: Berserk           |       |     1 ||     1
 Stab: Sleeping          |     1 |       ||     1
  Eat: Chunk             |     1 |     4 ||     5
Armor: Animal skin       |    32 |    35 ||    67
Dodge: Dodged            |    99 |    59 ||   158
